wizbiz, lawful female human Wizard ... --------- ..@d.. ---<......---- -...... --^...---..[..| ----... |......|-----.------------). --..|.-- |............... ---|.. --....-------- |^..^-- |.....| --...-- ----- wizbiz the Thaumaturge Experience level: 6 Strength: 14 Dexterity: 11 Constitution: 15 Intelligence: 18 Wisdom: 11 Charisma: 10 Health: 0(48) Energy: 7(44) Def: 6 Gold: 120 Moves: 3336 Dungeon seed: z4v2cY6cANbx_Vlu Game ID: wizbiz_1528433960 Your Inventory: Coins $ - 120 gold pieces Weapons a - a blessed +1 quarterstaff (weapon in hands) m - a cursed -3 orcish dagger (in quiver) x - a +0 dagger D - 3 cursed -1 darts F - 34 +0 arrows G - a +1 arrow H - a cursed -4 sling Armor e - an uncursed +0 cloak of magic resistance (being worn) n - an uncursed corroded +0 orcish helm (being worn) z - a cursed -1 leather armor (being worn) Comestibles o - an uncursed food ration Scrolls C - an uncursed scroll of identify N - 2 uncursed scrolls of teleportation Spellbooks k - a blessed spellbook of force bolt l - an uncursed spellbook of jumping B - an uncursed spellbook of healing L - an uncursed spellbook of cause fear Potions f - an uncursed potion of object detection g - a blessed potion of healing h - 3 uncursed potions of sleeping p - an uncursed potion of levitation r - a cursed potion of confusion s - an uncursed potion of invisibility t - a blessed potion of gain energy I - an uncursed potion of extra healing J - an uncursed potion of see invisible K - an uncursed potion of fruit juice O - an uncursed potion of sickness P - an uncursed potion of hallucination Rings c - an uncursed +2 ring of gain strength (on left hand) d - a blessed +4 ring of protection (on right hand) Q - an uncursed ring of invisibility Wands b - a wand of slow monster (0:5) Gems q - 2 uncursed worthless pieces of violet glass y - an uncursed worthless piece of yellowish brown glass Spells and supernatural/magical abilities: Name Level Category Fail Memory a - force bolt 1 attack 0% 84% c - cause fear 3 enchantment 1% 95% h - healing 1 healing 0% 89% j - jumping 1 escape 0% 84% W - pray for help -- divine ? -- Your skills at the end: Fighting Skills Weapon Skills quarterstaff [Basic] Spellcasting Skills attack spells [Basic] enchantment spells [Basic] Final Attributes: You were fervently aligned. You were magic-protected. You aggravated monsters. You were protected. You are dead. Vanquished creatures: a small mimic a dwarf king a leprechaun a dog 2 rock piercers a kobold mummy an elf zombie a little dog a kitten a kobold lord a rothe a wererat a werejackal 4 iguanas 2 coyotes a gas spore 2 hobbits a large kobold a hobgoblin 3 giant rats 4 cave spiders a green mold 5 gnomes 2 garter snakes a gnome zombie 2 geckos 5 jackals a kobold 4 goblins 3 sewer rats 3 grid bugs a bat a lichen 7 newts 68 creatures vanquished. Voluntary challenges: You used a wielded weapon 83 times, starting on turn 58. You read items or engraved 13 times, starting on turn 811. You never genocided any monsters. You never polymorphed an object. You never changed form. You used no wishes. You never split a pudding. You never wrote Elbereth's name. You violated your moral code, losing 66 points of alignment, starting on turn 518. Dungeon overview: The Dungeons of Doom: levels 1 to 7 Level 1 some fountains a long staircase Level 2 a scroll shop, an altar to Ptah, a fountain Level 3 a fountain stairs to The Gnomish Mines Level 4 a fountain, a sink Level 5 many fountains Level 6 a long staircase Level 7 The Gnomish Mines: Level 4 <- You were here stairs to The Dungeons of Doom History has recorded: On T:1 you entered the Dungeons of Doom to retrieve the Amulet of Yendor! On T:214 you advanced to experience level 2. On T:268 you reached level 2 of The Dungeons of Doom. On T:518 you advanced to experience level 3. On T:630 you advanced to experience level 4. On T:1002 you advanced to experience level 5. On T:1238 you reached level 3 of The Dungeons of Doom. On T:1293 you reached level 4 of The Dungeons of Doom. On T:1329 you reached level 1 of The Gnomish Mines. On T:2037 you reached level 5 of The Dungeons of Doom. On T:2421 you reached level 6 of The Dungeons of Doom. On T:2568 you reached level 7 of The Dungeons of Doom. On T:2696 you advanced to experience level 6. Score breakdown: Gold: 120 ( 7084 points) Experience: 6 levels (12456 points) Exploration: 7 levels ( 13.21%) (10190 points) Discoveries: 8 items ( 2.78%) ( 5000 points) Valuables value: (no points given unless you survive) Artifact value: 0 ( 0 points) Variety of kills: 34 monsters ( 8.92%) ( 8961 points) Turncount: 3336 turns ( -756 points) Survival: died (score multiplied by 80%) Total score: 34348 Latest messages: You hear rumbling in the distance. You finish eating the gnome corpse. You see here a gnome corpse. This gnome corpse tastes terrible! You stop eating. You are almost hit by a crossbow bolt. (2x) You stop exploring. (2x) You miss the coyote. The coyote bites! The spell hits the coyote! You kill the coyote! You see here a coyote corpse. This coyote corpse tastes terrible! You stop eating. You resume your meal. You stop eating. The little dog bites! (3x) You hit the little dog. The little dog bites! You die... Final status: Goodbye wizbiz the Wizard, killed by a little dog... You died in The Gnomish Mines on dungeon level 4 with 34348 points, and 120 pieces of gold, after 3336 moves. You were level 6 with a maximum of 48 hit points when you died.